 Dungeon Crawl Stone Soup version 0.23-a0-417-gf02c810438 (webtiles) character file.

36 LostNumber the Caller (level 3, -1/26 HPs)
             Began as a Mummy Summoner on Nov 10, 2018.
             Slain by a gnoll
             ... wielding a +0 whip
              (5 damage)
             ... on level 1 of the Dungeon.
             The game lasted 00:03:19 (1522 turns).

LostNumber the Caller (Mummy Summoner)              Turns: 1522, Time: 00:03:20

Health: -1/26      AC:  5    Str: 11    XL:     3   Next: 19%
Magic:  3/7        EV: 12    Int: 15    God:
Gold:   82         SH:  0    Dex: 12    Spells: 5/8 levels left

rFire    x . .     SeeInvis .   e - +0 spear
rCold    + . .     Gourm    .   (no shield)
rNeg     + + +     Faith    .   a - +0 robe
rPois    ∞         Spirit   .   (no helmet)
rElec    .         Reflect  .   (no cloak)
rCorr    .         Harm     .   (no gloves)
MR       .....                  d - +2 pair of boots
Stlth    ++........             (no amulet)
HPRegen  0.08/turn              (no ring)
MPRegen  0.10/turn              (no ring)

@: very slightly contaminated
A: no food or potions, fire vulnerability, cold resistance 1, negative energy
resistance 3, torment resistance, unbreathing
a: no special abilities


You were on level 1 of the Dungeon.
You were not hungry.

You visited 1 branch of the dungeon, and saw 2 of its levels.

You collected 82 gold pieces.

Inventory:

Hand Weapons
 e - a +0 spear (weapon)
Armour
 a - a +0 robe (worn)
 d - a +2 pair of boots (worn)
Scrolls
 b - a scroll of amnesia {unknown}
 c - 2 scrolls of identify {unknown}
 f - a scroll of remove curse {unknown}


   Skills:
 + Level 1.2 Fighting
 - Level 1.5 Dodging
 - Level 1.5 Stealth
 + Level 3.2 Spellcasting
 * Level 3.8 Summonings


You had 5 spell levels left.
You knew the following spells:

 Your Spells              Type           Power        Failure   Level  Hunger
a - Summon Small Mammal   Summ           ##..         4%          1    N/A
b - Call Imp              Summ           ##......     6%          2    N/A

Your spell library contained the following spells:

 Spells                   Type           Power        Failure   Level  Hunger
 Call Canine Familiar     Summ           ##......     12%         3    N/A
 Summon Guardian Golem    Hex/Summ       #.......     26%         3    N/A
 Summon Ice Beast         Ice/Summ       #.......     65%         4    N/A
 Summon Lightning Spire   Summ/Air       #.......     65%         4    N/A

Dungeon Overview and Level Annotations

Branches:
Dungeon (2/15)

Altars:


Innate Abilities, Weirdness & Mutations

You do not eat or drink.
Your flesh is vulnerable to fire.
You are immune to poison.
Your flesh is cold resistant. (rC+)
You are immune to negative energy. (rN+++)
You are immune to unholy pain and torment.
You can survive without breathing.


Message History

The gnoll is severely wounded.
The gnoll barely misses you.
You barely miss the gnoll.
The gnoll is severely wounded.
The gnoll closely misses you.
You hit the gnoll but do no damage.
The gnoll is severely wounded.
The gnoll completely misses you.
Your crimson imp closely misses the gnoll.
There is a stone staircase leading up here.
The gnoll barely misses you. The gnoll hits you with a +0 whip.
The gnoll hits your crimson imp with a +0 flail.
You climb upwards.
There is a stone staircase leading down here.
The gnoll hits you with a +0 whip! The gnoll hits you with a +0 whip.
* * * LOW HITPOINT WARNING * * *
The gnoll hits you with a +0 whip.
* * * LOW HITPOINT WARNING * * *
The gnoll hits you with a +0 whip.
You die...

#...)....# #..
#........#########..
#........#.....>....
#........#..........
#........#.........)
##........#..........
###.....###############
#....g.................
#>...g@.........!......
####.##.####.#.........
##.##......#......#.#
#...#(####.#......#.#
#...#......'....)...#
#...#.!#####.........
#####.(....#.........
###..###.#.........
#...)###.#.[.......


You could see 2 gnolls.

Vanquished Creatures
  A dart slug (D:1)
  2 leopard geckos
  A bat (D:2)
  A giant cockroach (D:1)
  A goblin (D:1)
  2 hobgoblins
  A kobold (D:1)
  A frilled lizard (D:1)
  2 rats (D:1)
12 creatures vanquished.

Vanquished Creatures (collateral kills)
  A gnoll (D:2)
  An adder (D:2)
  2 worms (D:2)
  A leopard gecko (D:1)
  A ball python (D:1)
  3 jackals (D:1)
  2 kobolds (D:1)
11 creatures vanquished.

Grand Total: 23 creatures vanquished

Notes
Turn   | Place    | Note
-------+----------+-------------------------------------------
     0 | D:1      | LostNumber the Mummy Summoner began the quest for the Orb.
     0 | D:1      | Reached XP level 1. HP: 13/13 MP: 4/4
   733 | D:1      | Reached XP level 2. HP: 13/20 MP: 3/5
   737 | D:1      | Learned a level 2 spell: Call Imp
  1395 | D:2      | Reached skill level 1 in Fighting
  1428 | D:2      | Reached XP level 3. HP: 26/26 MP: 5/7
  1522 | D:1      | Slain by a gnoll

Vault maps used:
D:1:      psy_arrival_whirlpool
D:2:      first_ration, chequers_ecumenical_altar_simple,
          trog_three_pillars_becter

Skill      XL: |  1  2 |
---------------+-------+-----
Spellcasting   | 3 |  3.2
Fighting       | 1 |  1.2
Dodging        | |  1.5
Stealth        | |  1.5
Summonings     | |  3.8

Action                   || total
-------------------------++-------
Melee: Unarmed           ||    41
       Spear             ||    43
 Cast: Summon Small Mamm ||    17
       Call Imp          ||    12
 Stab: Distracted        ||     3
       Sleeping          ||     3
Armor: Robe              ||    21
Dodge: Dodged            ||    46

Table legend:
 A = Non-vault XP
 B = Vault XP
 C = Vault XP percentage of total XP
 D = Non-vault monster count
 E = Vault monster count
 F = Vault count percentage of total count
                 A         B        C        D         E       F
            +---------+---------+-------+---------+---------+-------
      Total |      52 |       0 |   0.0 |      23 |       0 |   0.0
            +---------+---------+-------+---------+---------+-------
        D:1 |      25 |       0 |   0.0 |      16 |       0 |   0.0
        D:2 |      27 |       0 |   0.0 |       7 |       0 |   0.0
            +---------+---------+-------+---------+---------+-------
